 Dungeon Crawl Stone Soup version 0.17-a0-1802-g9847487 (console) character file.

918 Garrluk the Geomancer (level 8, 0/52 HPs)
             Began as a Formicid Earth Elementalist on Sept 11, 2015.
             Slain by an ice beast (12 damage)
             ... on level 5 of the Dungeon.
             The game lasted 00:17:15 (5311 turns).

Garrluk the Geomancer (Formicid Earth Elementalist) Turns: 5311, Time: 00:17:15

Health: 0/52       AC:  6    Str: 12    XL:     8   Next: 31%
Magic:  12/15      EV: 12    Int: 18    God:
Gold:   209        SH:  0    Dex: 11    Spells: 4 memorised, 8 levels left

rFire  . . .     SeeInvis +     b - 20 stones
rCold  . . .     Clarity  .     e - +0 robe
rNeg   . . .     SustAt   .     (no shield)
rPois  .         Gourm    .     (helmet unavailable)
rElec  .         Spirit   .     y - +2 cloak
rCorr  .         Warding  .     f - +0 pair of gloves
rMut   .         Stasis   +     (no boots)
MR     .....                    (no amulet)
Stlth  ++........               (no ring)
                                (no ring)

@: not resistant to hostile enchantments, unstealthy
A: permanent stasis, dig shafts and tunnels, four strong arms, antennae 3
a: Dig, Shaft Self


You were on level 5 of the Dungeon.
You were not hungry.

You visited 1 branch of the dungeon, and saw 5 of its levels.
You also visited: Ossuary.

You collected 209 gold pieces.

Notes
Turn   | Place    | Note
--------------------------------------------------------------
     0 | D:1      | Garrluk the Formicid Earth Elementalist began the quest for the Orb.
     0 | D:1      | Reached XP level 1. HP: 13/13 MP: 3/3
   188 | D:1      | Reached skill level 4 in Earth Magic
   188 | D:1      | Reached XP level 2. HP: 13/19 MP: 1/5
   686 | D:1      | Reached XP level 3. HP: 21/24 MP: 2/7
  1409 | D:2      | Reached XP level 4. HP: 23/30 MP: 6/8
  1414 | D:2      | Learned a level 3 spell: Passwall
  1417 | D:2      | Learned a level 2 spell: Stoneskin
  1421 | D:2      | Learned a level 3 spell: Stone Arrow
  1830 | D:3      | Reached skill level 5 in Earth Magic
  1897 | D:3      | Found a sacrificial altar of Ru.
  2016 | D:3      | Found a sparkling altar of Nemelex Xobeh.
  2113 | D:3      | Found a bloodstained altar of Trog.
  2163 | D:3      | Found a basalt altar of Yredelemnul.
  2516 | D:4      | Reached XP level 5. HP: 31/35 MP: 5/10
  2537 | D:4      | You fall through a shaft!
  2537 | D:5      | Entered Level 5 of the Dungeon
  2572 | D:5      | Found a sand-covered staircase.
  2692 | Ossuary  | Entered an ossuary
  3407 | Ossuary  | Reached XP level 6. HP: 32/41 MP: 2/11
  3428 | Ossuary  | Reached skill level 6 in Earth Magic
  3962 | D:4      | Reached XP level 7. HP: 29/46 MP: 8/13
  3991 | D:4      | Reached skill level 7 in Earth Magic
  4005 | D:4      | Noticed an ogre
  4008 | D:4      | Killed an ogre
  4757 | D:5      | Noticed a phantom
  5007 | D:5      | Noticed Crazy Yiuf
  5013 | D:5      | Killed Crazy Yiuf
  5081 | D:5      | Noticed Menkaure
  5095 | D:5      | Killed Menkaure
  5095 | D:5      | Reached skill level 8 in Earth Magic
  5095 | D:5      | Reached XP level 8. HP: 52/52 MP: 10/15
  5157 | D:5      | Killed a phantom
  5157 | D:5      | Reached skill level 5 in Spellcasting
  5307 | D:5      | Noticed an ice beast
  5311 | D:5      | Slain by an ice beast

Inventory:

Hand weapons
 a - a +4 quarterstaff of chaos
   (You took it off Crazy Yiuf on level 5 of the Dungeon)
 u - a +0 flail of holy wrath
   (You took it off an orc on level 5 of the Dungeon)
 x - a +1 dagger
   (You took it off a kobold on level 1 of the Dungeon)
Missiles
 b - 20 stones (in hand)
Armour
 e - a +0 robe (worn)
 f - a +0 pair of gloves (worn)
   (You found it on level 1 of the Dungeon)
 y - a +2 cloak (worn)
   (You took it off Crazy Yiuf on level 5 of the Dungeon)
Scrolls
 k - 3 scrolls of identify
 p - 2 scrolls of remove curse
 v - 2 scrolls of magic mapping {unknown}
 w - a scroll of amnesia {unknown}
Potions
 g - 2 potions of haste {unknown}
 h - 5 potions of curing {unknown}
 i - a potion of lignification {unknown}
 j - a potion of berserk rage {unknown}
 l - a potion of flight {unknown}
 m - a potion of mutation {unknown}
 n - 2 potions of poison {unknown}
Books
 c - a book of Geomancy

   Spells                             Type                      Level
   a - Sandblast                      Earth                        1
   b - Stoneskin                      Transmutation/Earth          2
   c - Passwall                       Transmutation/Earth          3
   d - Stone Arrow                    Conjuration/Earth            3
   e - Petrify                        Transmutation/Earth          4
   f - Lee's Rapid Deconstruction     Earth                        5
 q - a book of Transfigurations
   (You found it on level 2 of the Dungeon)

   Spells                             Type                      Level
   a - Stoneskin                      Transmutation/Earth          2
   b - Irradiate                      Conjuration/Transmutation    5
   c - Statue Form                    Transmutation/Earth          6
   d - Hydra Form                     Transmutation                6
   e - Dragon Form                    Transmutation                7
 r - a book of the Tempests
   (You found it on level 5 of the Dungeon)

   Spells                             Type                      Level
   a - Static Discharge               Conjuration/Air              3
   b - Lightning Bolt                 Conjuration/Air              5
   c - Fireball                       Conjuration/Fire             5
   d - Tornado                        Air                          9
   e - Shatter                        Earth                        9
Comestibles
 d - 2 bread rations
 o - 7 fruits
 t - 2 meat rations

Table legend:
 A = Turns spent in this place as a percentage of turns spent in the entire game.
 B = Non-inter-level travel turns spent in this place as a percentage of non-inter-level travel turns spent in the entire game.
 C = Inter-level travel turns spent in this place as a percentage of turns spent in this place.
 D = Turns resting spent in this place as a percentage of non-inter-level travel turns spent in this place.
 E = Turns spent auto-exploring this place as a percentage of non-inter-level travel turns spent in this place.
 F = Non-inter-level travel turns spent in this place divided by the number of levels of this place that you've seen.
                   A       B       C       D       E      F
               +-------+-------+-------+-------+-------+----------------------
         Total | 100.0 | 100.0 |   0.4 |   4.7 |   7.5 | 232.7
       Dungeon |  81.7 |  81.7 |   0.4 |   3.5 |   9.2 | 228.0
       Ossuary |  18.3 |  18.3 |   0.0 |   9.8 |   0.0 | 256.0
               +-------+-------+-------+-------+-------+----------------------


   Skills:
 - Level 1.7 Dodging
 - Level 2.4 Stealth
 + Level 5.0 Spellcasting
 + Level 4.3 Transmutations
 * Level 8.7 Earth Magic


You had 8 spell levels left.
You knew the following spells:

 Your Spells              Type           Power        Failure   Level  Hunger
a - Sandblast             Erth           #####.       1%          1    None
b - Passwall              Trmt/Erth      ####......   2%          3    ##.....
c - Stoneskin             Trmt/Erth      ####....     1%          2    #......
A - Stone Arrow           Conj/Erth      ###...       10%         3    ##.....


Dungeon Overview and Level Annotations

Branches:
Dungeon (5/15)
 Temple: D:4-7

Altars:
Nemelex Xobeh
Ru
Trog
Yredelemnul


Innate Abilities, Weirdness & Mutations

You are under a permanent stasis effect.
You can dig through walls and to a lower floor.
Your four strong arms can wield two-handed weapons with a shield.
You have a pair of large antennae on your head (SInv).


Message History

The ice beast is lightly wounded.
Casting: Sandblast
Confirm with . or Enter, or press ? or * to list all spells.
Aiming: Sandblast
Press: ? - help, Shift-Dir - straight line, f/p - ice beast
Aim: an ice beast (lightly wounded)
The rocky blast hits the ice beast.
The ice beast is lightly wounded.
The ice beast barely misses you.
Casting: Sandblast
Confirm with . or Enter, or press ? or * to list all spells.
Aiming: Sandblast
Press: ? - help, Shift-Dir - straight line, f/p - ice beast
Aim: an ice beast (lightly wounded)
The rocky blast hits the ice beast.
The ice beast is severely wounded.
The ice beast hits you.
* * * LOW HITPOINT WARNING * * *
The ice beast freezes you!
You die...

###....# ##...# ##... ##...#
#...### #..# # #...### ##{{..#
###.## #### #.#...# #..#.# ##...#
...###..##.# ##.#.#######....##
........## .. ###.#.....##...)..#
...#.....# #...#..####.##.......
<.....#..## #.##...##.........#
#.........#####.####.....#.......
##..##.......##Y########>#.....#.
#.####.#.......@......#.#♣..P.#P
...# #.##.##............≈≈.≈≈.≈≈
.# #.##.).##.#.......♣.≈≈.≈≈.≈
#...##..#........PP≈P≈≈≈≈.≈ ###.
##..###.....P≈≈≈≈≈≈≈≈≈ #.#
##...#..###....≈.≈≈≈≈ .## #.#
###.....###.≈≈≈≈≈≈.♣ ...###.#
###............P.[...
#...#.###.........#######...#
####....#..#.#####...# #.#.#
..........##.# ....## #.#(#


You could see an ice beast.

Table legend:
 A = Kills in this place as a percentage of kills in entire the game.
 B = Kills by you in this place as a percentage of kills by you in the entire game.
 C = Kills by friends in this place as a percentage of kills by friends in the entire game.
 D = Other kills in this place as a percentage of other kills in the entire game.
 E = Experience gained in this place as a percentage of experience gained in the entire game.
 F = Experience gained in this place divided by the number of levels of this place that you have seen.
                   A       B       C       D       E      F
               +-------+-------+-------+-------+-------+----------------------
         Total | 100.0 | 100.0 |  -nan |  -nan | 100.0 | 218.7
       Dungeon |  74.8 |  74.8 |  -nan |  -nan |  75.1 | 197.0
       Ossuary |  25.2 |  25.2 |  -nan |  -nan |  24.9 | 327.0
               +-------+-------+-------+-------+-------+----------------------

Vanquished Creatures
  Monster Symbol All 'J'
  An ooze (D:2)
1 creature vanquished. All 'K' 13 kobolds
13 creatures vanquished. All 'M' Menkaure (D:5) 3 mummies
4 creatures vanquished. All 'O' An ogre (D:4)
1 creature vanquished. All 'S' 4 adders 2 ball pythons
6 creatures vanquished. All 'W' A phantom (D:5)
1 creature vanquished. All 'Z' 4 water moccasin zombies A centaur skeleton (D:4) A big kobold zombie (Ossuary) An adder skeleton (D:4) 4 adder zombies (Ossuary) 4 gnoll zombies (Ossuary) A goblin zombie (D:5) 4 hobgoblin zombies (Ossuary) 6 kobold zombies 7 orc zombies (Ossuary)
33 creatures vanquished. All 'a' 3 worker ants
3 creatures vanquished. All 'b' 6 bats
6 creatures vanquished. All 'g' Crazy Yiuf (D:5) 8 hobgoblins
9 creatures vanquished. All 'l' 2 iguanas A giant gecko (D:2) A giant newt (D:5)
4 creatures vanquished. All 'o' An orc wizard (D:5) 7 orcs
8 creatures vanquished. All 'r' 5 quokkas 8 rats
13 creatures vanquished. All 's' 5 giant cockroaches
5 creatures vanquished. All 'w' 3 worms
3 creatures vanquished.
110 creatures vanquished. Monster Nature Uniques Menkaure (D:5) Crazy Yiuf (D:5)
2 creatures vanquished. Natural Monsters An ogre (D:4) 2 iguanas An orc wizard (D:5) 3 worker ants 4 adders An ooze (D:2) 3 worms A giant gecko (D:2) 7 orcs 2 ball pythons 5 giant cockroaches 8 hobgoblins 5 quokkas 6 bats A giant newt (D:5) 13 kobolds 8 rats
71 creatures vanquished. Undead Monsters A phantom (D:5) 4 water moccasin zombies A centaur skeleton (D:4) A big kobold zombie (Ossuary) 3 mummies An adder skeleton (D:4) 4 adder zombies (Ossuary) 4 gnoll zombies (Ossuary) A goblin zombie (D:5) 4 hobgoblin zombies (Ossuary) 6 kobold zombies 7 orc zombies (Ossuary)
37 creatures vanquished.
110 creatures vanquished. Ascending Order Menkaure (D:5) A phantom (D:5) An ogre (D:4) A centaur skeleton (D:4) Crazy Yiuf (D:5) An orc wizard (D:5) A big kobold zombie (Ossuary) An ooze (D:2) An adder skeleton (D:4) A giant gecko (D:2) A goblin zombie (D:5) A giant newt (D:5) 2 iguanas 2 ball pythons 3 worker ants 3 mummies 3 worms 4 water moccasin zombies 4 adders 4 adder zombies (Ossuary) 4 gnoll zombies (Ossuary) 4 hobgoblin zombies (Ossuary) 5 giant cockroaches 5 quokkas 6 kobold zombies 6 bats 7 orcs 7 orc zombies (Ossuary) 8 hobgoblins 8 rats 13 kobolds
110 creatures vanquished.

Action                   |  1- 3 |  4- 6 |  7- 9 || total
-------------------------+-------+-------+-------++-------
Melee: Dagger            |    42 |    57 |    11 ||   110
       Flail             |       |       |     4 ||     4
       Quarterstaff      |       |       |    21 ||    21
 Cast: Sandblast         |    59 |    91 |    60 ||   210
 Abil: Dig               |     3 |     1 |     1 ||     5
  Use: Scroll            |       |     7 |       ||     7
       Potion            |       |     1 |       ||     1
 Stab: Sleeping          |     3 |     3 |     1 ||     7
  Eat: Chunk             |     2 |     3 |     4 ||     9
       Bread ration      |       |     1 |       ||     1
       Beef jerky        |       |     1 |       ||     1
